 Dungeon Crawl Stone Soup version 0.17-a0-1954-g0dddeaa (webtiles) character file.

1514 Kel the Chopper (level 8, -11/51 HPs)
             Began as a Gargoyle Fighter on Oct 3, 2015.
             Was an Initiate of Qazlal.
             Mangled by an orc warrior
             ... wielding a +0 dire flail
              (16 damage)
             ... on level 6 of the Dungeon on Oct 4, 2015.
             The game lasted 00:27:51 (7181 turns).

Kel the Chopper (Gargoyle Fighter)                  Turns: 7181, Time: 00:27:51

Health: -11/51     AC: 16    Str: 20    XL:     8   Next: 83%
Magic:  8/8        EV:  7    Int: 10    God:    Qazlal [......]
Gold:   293        SH:  0    Dex: 10    Spells: 0 memorised, 7 levels left

rFire  . . .     SeeInvis .     t - +0 battleaxe
rCold  + . .     Clarity  .     h - +0 plate armour
rNeg   + . .     SustAt   .     (no shield)
rPois  ∞         Gourm    .     (no helmet)
rElec  +         Spirit   .     (no cloak)
rCorr  .         Warding  .     (no gloves)
rMut   .         Stasis   .     (no boots)
MR     .....                    r - amulet of rage
Stlth  ..........               n - ring of protection from cold
                                (no ring)

@: exhausted, slowed, very slow, not resistant to hostile enchantments,
extremely unstealthy
A: negative energy resistance 1, electricity resistance, unbreathing,
petrification resistance, rot immunity, AC +5
a: Renounce Religion, Evoke Berserk Rage


You were on level 6 of the Dungeon.
You worshipped Qazlal.
Qazlal was noncommittal.
You were hungry.

You visited 2 branches of the dungeon, and saw 7 of its levels.

You collected 293 gold pieces.

Inventory:

Hand weapons
 t - a +0 battleaxe (weapon)
Missiles
 g - 5 silver tomahawks (quivered)
Armour
 h - a +0 plate armour (worn)
Jewellery
 d - an uncursed amulet of resist mutation
 l - an uncursed ring of ice
 n - a ring of protection from cold (right hand)
 r - an amulet of rage (around neck)
Magical devices
 j - a wand of flame (12)
 p - a wand of enslavement (10)
Scrolls
 b - 2 scrolls of identify
 i - 9 scrolls of remove curse
Potions
 m - a potion of might
Comestibles
 c - a beef jerky
 e - 3 bread rations
 f - a fruit
 s - a meat ration


   Skills:
 + Level 5.7 Fighting
 + Level 7.0 Axes
 - Level 3.5 Armour
 - Level 4.8 Dodging
   Level 3.7 Shields


You had 7 spell levels left.
You didn't know any spells.

Dungeon Overview and Level Annotations

Branches:
Dungeon (6/15)             Temple (1/1) D:5

Altars:
Ashenzari
Cheibriados
Dithmenos
Fedhas
Gozag
Kikubaaqudgha
Makhleb
Nemelex Xobeh
Okawaru
Qazlal
Sif Muna
Trog
Vehumet
Yredelemnul
Zin
The Shining One


Innate Abilities, Weirdness & Mutations

You are resistant to torment.
Your stone body is resilient (AC +5).
You are immune to poison.
You resist negative energy.
You are resistant to electric shocks.
You can survive without breathing.
You are immune to petrification.
You are immune to rotting.


Message History

Drink which item? (? for menu, Esc to quit)
Okay, then.
Use which ability?
A red film seems to cover your vision as you go berserk!
You feel yourself moving faster!
You feel mighty!
The orc warrior hits you but does no damage.
You hit the orc warrior.
The orc warrior is severely wounded.
The orc warrior hits you with a dire flail!
* * * LOW HITPOINT WARNING * * *
You feel a strong urge to attack something.
You feel your anger subside.
You are no longer berserk.
You are exhausted.
You feel yourself slow down.
You are feeling hungry.
The orc warrior hits you but does no damage.
The orc warrior hits you but does no damage.
The orc warrior hits you with a dire flail!
You die...

#........# #######.####
#####.######.####...........
#................._..##.##..
#.#....o.....###.....# #
#.#.#.#####o.######..##.####
#.#.#.# #.o......>).......
###.#.#o# ##.#######.##.#...
........# #o#######..#.#.##
.##.#.### #.o@............#
.##.#o# #########........
.##.#.# #.......# .##.#o#
######..#.#.## .##.#o#
#.........#.# .##....
#.####....# # .####.. #.#
#....# .# #.. #.# #....# ##
#..# #.# #....###...


You could see an orc warrior and an orc.

Vanquished Creatures
  The ghost of Bregath the Skirmisher, an experienced HOFi (D:4)
  The ghost of edsrzf the Bolt Thrower, an average FoHu (D:3)
  An ice beast (D:5)
  A black bear (D:3)
  A centaur (D:6)
  Blork the orc (D:5)
  A gnoll sergeant (D:5)
  3 scorpions (D:5)
  A jelly (D:3)
  An orc wizard (D:5)
  A centaur zombie (D:5)
  An orc priest (D:5)
  A giant frog skeleton (D:6)
  Natasha (D:4)
  3 worker ants
  A hound zombie (D:5)
  A hound skeleton (D:5)
  A worker ant zombie (D:5)
  5 adders
  10 gnolls
  An adder zombie (D:6)
  2 oozes (D:3)
  3 worms
  5 giant geckos
  16 orcs
  7 giant cockroaches
  6 hobgoblins
  5 kobolds
  A quokka (D:2)
  A ball python (D:1)
  9 bats
  4 giant newts
  3 goblins
  4 jackals (D:3)
  16 rats
120 creatures vanquished.

Notes
Turn   | Place    | Note
--------------------------------------------------------------
     0 | D:1      | Kel the Gargoyle Fighter began the quest for the Orb.
     0 | D:1      | Reached XP level 1. HP: 14/14 MP: 1/1
   135 | D:1      | Reached XP level 2. HP: 19/19 MP: 2/2
   454 | D:2      | Reached skill level 1 in Dodging
   454 | D:2      | Reached XP level 3. HP: 21/23 MP: 3/3
   603 | D:2      | Found an iron altar of Okawaru.
  1370 | D:3      | Reached XP level 4. HP: 23/28 MP: 4/4
  1381 | D:3      | Noticed a black bear
  1469 | D:3      | Killed a black bear
  1469 | D:3      | Reached XP level 5. HP: 12/32 MP: 5/5
  1973 | D:3      | Noticed edsrzf's ghost (average FoHu)
  2027 | D:3      | Killed edsrzf's ghost
  2027 | D:3      | Reached skill level 4 in Axes
  2027 | D:3      | Reached XP level 6. HP: 10/37 MP: 6/6
  2689 | D:3      | Found a blossoming altar of Fedhas.
  2689 | D:3      | Found an ancient bone altar of Kikubaaqudgha.
  2757 | D:3      | Found a bloodstained altar of Trog.
  3401 | D:4      | Found a snail-covered altar of Cheibriados.
  3622 | D:4      | Noticed Bregath's ghost (experienced HOFi)
  4282 | D:5      | Entered Level 5 of the Dungeon
  4287 | D:5      | Found a staircase to the Ecumenical Temple.
  4297 | D:5      | Reached XP level 7. HP: 31/41 MP: 7/7
  4376 | Temple   | Entered the Ecumenical Temple
  4624 | Temple   | Became a worshipper of Qazlal Stormbringer
  4815 | D:5      | Reached skill level 5 in Axes
  5715 | D:5      | Noticed Blork the orc
  5737 | D:5      | Killed Blork the orc
  5737 | D:5      | Reached XP level 8. HP: 11/46 MP: 8/8
  6138 | D:4      | Noticed Natasha
  6149 | D:4      | Killed Natasha
  6486 | D:4      | Killed Bregath's ghost
  6486 | D:4      | Reached skill level 5 in Fighting
  6486 | D:4      | Reached skill level 6 in Axes
  7072 | D:6      | Found an opulent altar of Gozag.
  7127 | D:6      | Reached skill level 7 in Axes
  7165 | D:6      | HP: 1/76 [orc warrior/dire flail (14)]
  7181 | D:6      | Mangled by an orc warrior

Vault maps used:
D:1:      lightli_arrival_lavapool, eino_curves_04, st_stairs_5
D:2:      okawaru_metal_pillars_1_2, first_bread
D:3:      grunt_temple_overflow_growth_and_decay, bloody_trog
D:4:      kennysheep_mini_moat, uniq_natasha
D:5:      minmay_temple_entry_large_hall, uniq_blork_the_orc
D:6:      nicolae_gozag_seed_capital, old_standard_altar
Temple:   chambers_temple_10

Action                   |  1- 3 |  4- 6 |  7- 9 || total
-------------------------+-------+-------+-------++-------
Melee: War axe           |   109 |   230 |   113 ||   452
       Battleaxe         |       |       |   140 ||   140
 Abil: Evoke Berserk Rag |       |       |     1 ||     1
Evoke: Wand              |       |     3 |     4 ||     7
  Use: Potion            |       |     5 |     2 ||     7
       Scroll            |       |     4 |     5 ||     9
  Eat: Chunk             |       |     5 |     5 ||    10
       Bread ration      |       |     1 |     1 ||     2
       Fruit             |       |     1 |       ||     1
       Beef jerky        |       |     1 |       ||     1
